 Dungeon Crawl Stone Soup version 0.31-a0-188-g5e087ee2ca (webtiles) character file.

Game seed: 15998226240218301966

446 qw the Skirmisher (level 6, -11/35 HPs)
             Began as a Deep Elf Hunter on June 23, 2023.
             Mangled by Pikel
             ... wielding a +2 whip of freezing
              (15 damage)
             ... on level 4 of the Dungeon.
             The game lasted 00:01:21 (2365 turns).

qw the Skirmisher (Deep Elf Hunter)                 Turns: 2365, Time: 00:01:21

Health: -11/35     AC:  6    Str: 10    XL:     6   Next: 73%
Magic:  8/8        EV: 11    Int: 14    God:
Gold:   163        SH:  0    Dex: 18    Spells: 5/5 levels left

rFire   . . .        Y - +0 shortbow (chaos)
rCold   . . .        (shield currently unavailable)
rNeg    . . .        l - +1 ring mail
rPois   .            (no helmet)
rElec   .            (no cloak)
rCorr   +            (no gloves)
SInv    .            (no boots)
Will    .....        (no amulet)
Stlth   +            i - ring of resist corrosion
HPRegen 0.25/turn    (no ring)
MPRegen 0.11/turn

%: no passive effects
@: no status effects
A: no striking features
a: no special abilities


You were on level 4 of the Dungeon.
You visited 1 branch of the dungeon, and saw 4 of its levels.

You collected 163 gold pieces.


   Skills:
 - Level 2.3 Fighting
 + Level 10.1 Ranged Weapons
 - Level 3.0 Dodging
 - Level 1.2 Stealth


You had 5 spell levels left.
You didn't know any spells.
Your spell library was empty.

Inventory:

Hand Weapons
 Y - a +0 shortbow of chaos (weapon)
Armour
 l - a +1 ring mail (worn)
Jewellery
 e - a ring of ice
 i - a ring of resist corrosion (left hand)
Scrolls
 g - a scroll of identify
Potions
 a - a potion of might
 b - a potion of mutation {unknown}
 h - 3 potions of curing
 k - a potion of resistance {unknown}

Dungeon Overview and Level Annotations

Branches:
Dungeon (4/15)
 Temple: D:4-7

Altars:
Gozag
Makhleb
Nemelex Xobeh

Shops:
D:4 (*

Annotations:
D:4 Pikel


Message History

You shoot an arrow.
The arrow hits the lemure but does no damage.
The lemure is heavily wounded.
Pikel drinks a potion.
Pikel goes berserk!
You shoot an arrow. The arrow misses the lemure.
The arrow hits Pikel but does no damage.
You shoot an arrow. The arrow hits Pikel.
The arrow burns Pikel.
Pikel is lightly wounded.
You shoot an arrow. The arrow hits Pikel!
Pikel resists with some effort.
Pikel is moderately wounded.
Pikel barely misses you.
A lemure comes into view.
You shoot an arrow. The arrow hits the lemure.
The arrow burns the lemure.
The lemure is severely wounded.
Pikel hits you with a +2 whip of freezing.
Pikel freezes you.
Pikel hits you with a +2 whip of freezing.
Pikel freezes you. The lemure hits you.
You shoot an arrow. The arrow hits the lemure.
The lemure looks as sick as possible!
The lemure is almost dead.
Pikel hits you with a +2 whip of freezing!
Pikel freezes you. The lemure closely misses you.
2363 ||| DRINKING potion of heal wounds.
You feel much better. Pikel barely misses you.
Pikel hits you with a +2 whip of freezing!
Pikel freezes you.
You shoot an arrow. The arrow hits the lemure.
You kill the lemure!
That felt strangely unrewarding.
Pikel hits you with a +2 whip of freezing.
Pikel freezes you. The lemure hits you but does no damage.
The giant cockroach closely misses you.
You shoot an arrow.
The arrow hits Pikel but does no damage.
Pikel is lightly wounded.
Pikel closely misses you. The giant cockroach barely misses you.
Pikel hits you with a +2 whip of freezing!
You die...

#.##...~ ..
########.##...~ ...
..........+....
..##############.##....
#............##..#....
#...).)......'.#.#....
#............#.#'#+###
#............#.......#
#....@.......#.......#
#..5BK5......#.......#
...#.#.g.#######.#+#...#
.......5## #.#...... ..#
\##.. #.#####.# . .. #.#
#.#<..... #. #..
#.#####.# #( #..
#.......# #########


You could see Pikel (berserk), 3 lemures, a giant cockroach and a goblin.

Vanquished Creatures
  Grinder (D:3)
  A lemure (D:4)
  Blork the orc (D:4)
  An orc wizard (D:4)
  3 adders
  3 gnolls (D:4)
  4 worms
  A dart slug (D:3)
  8 orcs
  5 ball pythons
  An endoplasm (D:1)
  4 giant cockroaches
  6 goblins
  6 hobgoblins
  7 jackals (D:1)
  5 quokkas
  10 bats
  2 frilled lizards (D:1)
  4 kobolds
  5 rats
78 creatures vanquished.

Notes
Turn   | Place    | Note
-------+----------+-------------------------------------------
     0 | D:1      | qw the Deep Elf Hunter began the quest for the Orb.
     0 | D:1      | Reached XP level 1. HP: 12/12 MP: 3/3
     0 | D:1      | 0 ||| qw: Version: 0.3-a-9-g12657ce
     0 | D:1      | 0 ||| qw: Game counter: 4408
     0 | D:1      | 0 ||| qw: Always use a shield: true
     0 | D:1      | 0 ||| qw: God list: Okawaru
     0 | D:1      | 0 ||| qw: Allow faded altars: false
     0 | D:1      | 0 ||| qw: Do Orc after D:15 true
     0 | D:1      | 0 ||| qw: Do second Lair branch before Depths: true
     0 | D:1      | 0 ||| qw: Lair rune preference: random
     0 | D:1      | 0 ||| qw: Plans: Normal
     0 | D:1      | 0 ||| PLANNING D:1-11
    58 | D:1      | 58 ||| FLEEEEING.
    59 | D:1      | 59 ||| FLEEEEING.
    61 | D:1      | 61 ||| FLEEEEING.
    62 | D:1      | 62 ||| FLEEEEING.
    65 | D:1      | 65 ||| FLEEEEING.
    66 | D:1      | 66 ||| FLEEEEING.
    67 | D:1      | 67 ||| FLEEEEING.
    68 | D:1      | 68 ||| FLEEEEING.
    69 | D:1      | 69 ||| FLEEEEING.
    70 | D:1      | 70 ||| FLEEEEING.
    71 | D:1      | 71 ||| FLEEEEING.
    72 | D:1      | 72 ||| FLEEEEING.
    73 | D:1      | 73 ||| FLEEEEING.
    74 | D:1      | 74 ||| FLEEEEING.
    75 | D:1      | 75 ||| FLEEEEING.
    76 | D:1      | 76 ||| FLEEEEING.
    77 | D:1      | 77 ||| FLEEEEING.
    78 | D:1      | 78 ||| FLEEEEING.
   106 | D:1      | Reached XP level 2. HP: 16/16 MP: 4/4
   108 | D:1      | Reached skill level 6 in Ranged Weapons
   248 | D:1      | Reached XP level 3. HP: 19/20 MP: 5/5
   447 | D:1      | Found a faded altar of an unknown god.
   551 | D:1      | 551 ||| READING scroll labelled ECICSUAWUMU.
   556 | D:1      | 556 ||| READING 2 scrolls labelled HOELOX WUOXIN.
   557 | D:1      | 557 ||| READING scroll labelled ARHUAPR BAOTZ.
   558 | D:1      | 558 ||| READING 2 scrolls labelled WUGOVAT GAOCW.
   559 | D:1      | 559 ||| DROPPING scroll of butterflies.
   560 | D:1      | 560 ||| DROPPING scroll of fog.
   561 | D:1      | 561 ||| DROPPING scroll of fear.
   640 | D:2      | Reached skill level 7 in Ranged Weapons
   679 | D:2      | Found a burning altar of Makhleb.
   991 | D:2      | Reached XP level 4. HP: 25/25 MP: 6/6
  1008 | D:2      | 1008 ||| FLEEEEING.
  1384 | D:2      | 1384 ||| UPGRADING to ring of resist corrosion.
  1385 | D:2      | 1385 ||| READING 2 scrolls labelled FOAMUWN KOFAOT.
  1386 | D:2      | 1386 ||| READING scroll labelled NEZALACOPH.
  1387 | D:2      | 1387 ||| DRINKING 4 red potions.
  1388 | D:2      | 1388 ||| DRINKING 2 fizzy yellow potions.
  1389 | D:2      | 1389 ||| DROPPING potion of invisibility.
  1464 | D:3      | Found a sparkling altar of Nemelex Xobeh.
  1646 | D:3      | 1646 ||| FLEEEEING.
  1647 | D:3      | 1647 ||| FLEEEEING.
  1648 | D:3      | 1648 ||| FLEEEEING.
  1649 | D:3      | 1649 ||| FLEEEEING.
  1650 | D:3      | 1650 ||| FLEEEEING.
  1651 | D:3      | 1651 ||| FLEEEEING.
  1652 | D:3      | 1652 ||| FLEEEEING.
  1653 | D:3      | 1653 ||| FLEEEEING.
  1654 | D:3      | 1654 ||| FLEEEEING.
  1683 | D:3      | Reached skill level 8 in Ranged Weapons
  1689 | D:3      | Noticed Grinder
  1701 | D:3      | Paralysed by Grinder for 5 turns
  1708 | D:3      | HP: 6/25 [Grinder (7)]
  1708 | D:3      | HP: 2/25 [Grinder (4)]
  1709 | D:3      | 1709 ||| READING scroll of teleportation.
  1917 | D:3      | Killed Grinder
  1918 | D:3      | Reached skill level 9 in Ranged Weapons
  1918 | D:3      | Reached XP level 5. HP: 11/29 MP: 7/7
  1918 | D:3      | Reached XP level 6. HP: 13/34 MP: 8/8
  2004 | D:3      | 2004 ||| UPGRADING to +0 ring mail.
  2014 | D:3      | 2014 ||| DROPPING +0 leather armour.
  2015 | D:3      | 2015 ||| READING scroll of enchant armour.
  2015 | D:3      | 2015 ||| ENCHANTING +0 ring mail.
  2016 | D:3      | 2016 ||| READING scroll labelled ASEGRO MIFUYMU.
  2017 | D:3      | 2017 ||| READING scroll labelled WUFIRUS EFE.
  2018 | D:3      | 2018 ||| READING 2 scrolls labelled YZOCIA XEONG.
  2019 | D:3      | 2019 ||| READING 3 scrolls of identify.
  2019 | D:3      | 2019 ||| IDENTIFYING orange potion
  2020 | D:3      | 2020 ||| READING 2 scrolls of identify.
  2020 | D:3      | 2020 ||| IDENTIFYING clear potion
  2021 | D:3      | 2021 ||| DROPPING scroll of immolation.
  2043 | D:4      | Found Gozag's Platinum Reserve.
  2047 | D:4      | Found an opulent altar of Gozag.
  2079 | D:4      | 2079 ||| SHOPLISTING amulet of Nusi Ohe {Faith Drain Regen+
                  | rCorr Dex+3} (5330 gold, have 163).
  2079 | D:4      | 2079 ||| SHOPLISTING ring of Wegynwy {Fly Will++ Int+3}
                  | (4480 gold, have 163).
  2146 | D:4      | Noticed Blork the orc
  2147 | D:4      | 2147 ||| FLEEEEING.
  2148 | D:4      | 2148 ||| FLEEEEING.
  2149 | D:4      | 2149 ||| FLEEEEING.
  2160 | D:4      | 2160 ||| FLEEEEING.
  2164 | D:4      | Killed Blork the orc
  2239 | D:4      | Reached skill level 10 in Ranged Weapons
  2321 | D:4      | Found Vuojayff's Firing Range.
  2326 | D:4      | Reached skill level 3 in Dodging
  2351 | D:4      | Noticed Pikel
  2362 | D:4      | HP: 3/35 [Pikel/+2 whip of freezing (6)]
  2363 | D:4      | 2363 ||| DRINKING potion of heal wounds.
  2365 | D:4      | Mangled by Pikel

Levels and vault maps discovered:
D:1:      amcnicky_arrival_blooded_trapdoor, layout_basic,
          hellmonk_ecumenical_altar_lost_god
D:2:      layout_basic, basic_altar, kennysheep_generic_room_3
D:3:      layout_rooms, nemelex_spade_bored_becter, uniq_grinder
D:4:      layout_basic, trog_wizard, nicolae_gozag_zags_fifth_avenue,
          minmay_misc_feat_more_columns, serial_bayou_pond_e,
          nicolae_shop_firing_range, uniq_pikel, uniq_blork_the_orc

Skill      XL: |  1  2  3  4  5  6 |
---------------+-------------------+-----
Ranged Weapons | 6 7 9 10 | 10.1
Fighting       | 2 |  2.3
Dodging        | 3 |  3.0
Stealth        | |  1.2

Action                     |  1- 3 |  4- 6 || total
---------------------------+-------+-------++-------
   Fire: Shortbow          |   113 |   154 ||   267
    Use: Scroll            |     4 |     9 ||    13
         Potion            |       |     3 ||     3
 Armour: Leather armour    |    12 |     5 ||    17
         Ring mail         |       |     7 ||     7
  Dodge: Dodged            |    25 |    26 ||    51

Table legend:
 A = Non-vault XP
 B = Vault XP
 C = Vault XP percentage of total XP
 D = Non-vault monster count
 E = Vault monster count
 F = Vault count percentage of total count
                 A         B        C        D         E       F
            +---------+---------+-------+---------+---------+-------
      Total |     254 |     384 |  60.2 |      73 |       4 |   5.2
            +---------+---------+-------+---------+---------+-------
        D:1 |      47 |       0 |   0.0 |      27 |       0 |   0.0
        D:2 |      68 |       3 |   4.2 |      21 |       2 |   8.7
        D:3 |      40 |     290 |  87.9 |      17 |       1 |   5.6
        D:4 |      99 |      91 |  47.9 |       8 |       1 |  11.1
            +---------+---------+-------+---------+---------+-------
